 Dungeon Crawl Stone Soup version 0.30.1-11-g7821555f0a (webtiles) character file.

Game seed: 17614965375142323083

328 jagang the Slasher (level 6, -10/49 HPs)
             Began as a Human Monk on Jan 12, 2024.
             Mangled by Menkaure (18 damage)
             ... on level 4 of the Dungeon.
             The game lasted 00:07:45 (2973 turns).

jagang the Slasher (Human Monk)                     Turns: 2973, Time: 00:07:45

Health: -10/49     AC:  7    Str: 12    XL:     6   Next: 80%
Magic:  0/6        EV: 10    Int: 10    God:
Gold:   220        SH:  0    Dex: 17    Spells: 5/5 levels left

rFire   . . .        a - +0 falchion
rCold   . . .        d - orb {light}
rNeg    . . .        i - +0 scale mail
rPois   .            j - +0 helmet
rElec   .            (no cloak)
rCorr   .            (no gloves)
SInv    .            (no boots)
Will    .....        v - amulet of guardian spirit Stlth
                     (no ring)
HPRegen 0.28/turn    (no ring)
MPRegen 0.10/turn

%: guardian spirit
@: glowing
A: no striking features
a: no special abilities


You were on level 4 of the Dungeon.
You visited 1 branch of the dungeon, and saw 4 of its levels.

You collected 220 gold pieces.

Inventory:

Hand Weapons
 a - a +0 falchion (weapon)
Missiles
 m - 4 boomerangs (quivered)
 x - 2 atropa-tipped darts
 z - 3 poisoned darts
Armour
 d - an orb of light (worn)
 i - a +0 scale mail (worn)
 j - a +0 helmet (worn)
Jewellery
 v - an amulet of guardian spirit (around neck)
Wands
 w - a wand of charming (7)
Scrolls
 e - 2 scrolls of teleportation {unknown}
 h - a scroll of poison {unknown}
 k - 3 scrolls of magic mapping
 l - 2 scrolls of fear {unknown}
 o - 2 scrolls of amnesia {unknown}
 p - 2 scrolls of vulnerability {unknown}
 r - a scroll of blinking {unknown}
 s - a scroll of immolation {unknown}
 t - 2 scrolls of torment {unknown}
 y - a scroll of fog {unknown}
 B - a scroll of identify {unknown}
Potions
 b - a potion of lignification {unknown}
 c - 3 potions of ambrosia
 f - a potion of curing {unknown}
 g - 2 potions of flight {unknown}
 n - a potion of might {unknown}
 q - 2 potions of berserk rage {unknown}
 u - a potion of resistance {unknown}
 A - a potion of mutation {unknown}


   Skills:
 + Level 4.3 Fighting
 * Level 5.3 Long Blades
 + Level 2.8 Armour
 - Level 3.0 Dodging
 + Level 0.3 Invocations


You had 5 spell levels left.
You didn't know any spells.
Your spell library contained the following spells:

 Spells                   Type           Power      Damage    Failure   Level
 Apportation              Tloc           0%         N/A       88%         1
 Necrotise                Necr           0%         1d4       88%         1
 Sandblast                Erth           0%         2d4       88%         1
 Sting                    Tmut/Pois      0%         1d3       88%         1
 Summon Small Mammal      Summ           0%         N/A       88%         1
 Passwall                 Tmut/Erth      0%         N/A       96%         2
 Poisonous Vapours        Pois/Air       0%         N/A       96%         2
 Frozen Ramparts          Ice            0%         1d1       99%         3
 Gell's Gravitas          Tloc           0%         N/A       99%         3
 Stone Arrow              Conj/Erth      0%         3d7       99%         3
 Teleport Other           Tloc           0%         N/A       99%         3
 Ice Form                 Ice/Tmut       0%         N/A       100%        4
 Olgreb's Toxic Radiance  Pois           0%         N/A       100%        4
 Summon Ice Beast         Ice/Summ       0%         N/A       100%        4
 Dispersal                Tloc           0%         N/A       100%        6


Dungeon Overview and Level Annotations

Branches:
Dungeon (4/15)
 Temple: D:4-7

Altars:
Okawaru
Sif Muna

Annotations:
D:4 Menkaure


Message History

As you read the scroll labelled ATUOSCHI BUKH, it crumbles to dust.
You feel aware of your surroundings.
It was a scroll of magic mapping.
You open the door.
There is an open door here.
You now have 220 gold pieces (gained 14).
Menkaure, Prince of Dust comes into view.
Menkaure shouts!
Menkaure mumbles some strange words.
Menkaure seems to speed up.
You start waiting.
Menkaure is nearby!
Menkaure points at you and mumbles some strange words.
Pain shoots through your body! Menkaure hits you!
You hit Menkaure.
Menkaure is moderately damaged.
Menkaure gestures ominously.
Menkaure closely misses you.
You slash Menkaure!
Menkaure is heavily damaged.
Menkaure barely misses you.
You hit Menkaure but do no damage.
Menkaure is heavily damaged.
Menkaure closely misses you. Menkaure barely misses you.
You hit Menkaure but do no damage.
Menkaure is heavily damaged.
Menkaure hits you!!
* * * LOW HITPOINT WARNING * * *
You hit Menkaure.
Menkaure is severely damaged.
Menkaure's ankle releases a plume of dust as he confides, "I'm not really a mummy, you know."
Menkaure hits you.
* * * LOW HITPOINT WARNING * * *
You hit Menkaure but do no damage.
Menkaure is severely damaged.
Menkaure barely misses you.
You barely miss Menkaure.
Menkaure is severely damaged.
Menkaure hits you but does no damage. Menkaure hits you!!
You die...

#########...#
###############.###
#.............#.#******
#.............'.#,,,,,,
#.............###,,,,,,
#.....###'##### *,,,,,,
#.....# #.# *,,,,,,
#.....###.# *,,,,,,
#.....@...# *,,,,,,
#......M..#**** *,,,,,,
#.............* *,,,,,,
#####.$..####.* *,,,,,,
#....# *,* *,,,,,,
#....# *,***,,,,,,
###### *,,,,,*****
*****,* * *,* *


You could see Menkaure (fast).

Vanquished Creatures
  Grinder (D:3)
  Ijyb (D:3)
  3 adders
  2 dart slugs (D:1)
  A worm (D:3)
  6 ball pythons
  4 bats
  6 endoplasms
  4 giant cockroaches
  7 goblins
  6 hobgoblins
  6 kobolds
  2 quokkas
  5 frilled lizards
  6 rats (D:1)
60 creatures vanquished.

Notes
Turn   | Place    | Note
-------+----------+-------------------------------------------
     0 | D:1      | jagang the Human Monk began the quest for the Orb.
     0 | D:1      | Reached XP level 1. HP: 18/18 MP: 1/1
    86 | D:1      | Reached XP level 2. HP: 21/24 MP: 2/2
   389 | D:1      | Reached XP level 3. HP: 29/29 MP: 3/3
   394 | D:1      | Reached skill level 1 in Armour
   920 | D:2      | Reached XP level 4. HP: 33/35 MP: 4/4
  1093 | D:2      | Found a faded altar of an unknown god.
  1365 | D:3      | Reached skill level 4 in Long Blades
  1370 | D:3      | Noticed Grinder
  1373 | D:3      | Paralysed by Grinder for 2 turns
  1586 | D:3      | Paralysed by Grinder for 4 turns
  1677 | D:2      | HP: 1/35 [Grinder/nerve-wracking pain (4)]
  1816 | D:2      | Paralysed by Grinder for 5 turns
  1919 | D:2      | Paralysed by Grinder for 2 turns
  1932 | D:3      | Killed Grinder
  1933 | D:3      | Reached skill level 5 in Long Blades
  1933 | D:3      | Reached XP level 5. HP: 4/42 MP: 5/5
  1933 | D:3      | Reached XP level 6. HP: 4/48 MP: 6/6
  2237 | D:3      | Noticed Ijyb
  2254 | D:3      | Killed Ijyb
  2711 | D:3      | Found an iron altar of Okawaru.
  2876 | D:4      | Found a shimmering blue altar of Sif Muna.
  2961 | D:4      | Noticed Menkaure
  2973 | D:4      | Mangled by Menkaure

Illustrated notes

Levels and vault maps discovered:
D:1:      nzn_arrival_settlement, layout_basic
D:2:      layout_loops_cross, shapermc_ecumenical_altar_acropolis
D:3:      layout_loops_ring, hellmonk_okawaru_the_only_friend_you_need,
          uniq_grinder, uniq_ijyb
D:4:      minmay_chambers_of_threes, layout_basic, overflow_temple_1_default,
          uniq_natasha, uniq_menkaure, uniq_crazy_yiuf_cottage, uniq_robin

Skill      XL: |  1  2  3  4 |
---------------+-------------+-----
Armour         | 1 2 |  2.8
Long Blades    | 5 |  5.3
Fighting       | 4 |  4.3
Dodging        | |  3.0
Invocations    | |  0.3

Action                     |  1- 3 |  4- 6 || total
---------------------------+-------+-------++-------
  Melee: Falchion          |    79 |    95 ||   174
  Throw: Boomerang         |       |    16 ||    16
    Use: Scroll            |       |     1 ||     1
 Armour: Robe              |     9 |       ||     9
         Scale mail        |    28 |    39 ||    67
  Dodge: Dodged            |    57 |    47 ||   104
